 Dungeon Crawl Stone Soup version 0.26.1-11-gd32895ea62 (webtiles) character file.

Game seed: 2827293378149055738

225 Zeld the Slasher (level 6, -4/47 HPs)
             Began as a Human Delver on June 5, 2021.
             Killed from afar by a white imp (9 damage)
             ... with a puff of frost
             ... on level 4 of the Dungeon.
             The game lasted 00:02:32 (3371 turns).

Zeld the Slasher (Human Delver)                     Turns: 3371, Time: 00:02:32

Health: -4/47      AC:  5    Str: 18    XL:     6   Next: 21%
Magic:  6/6        EV: 12    Int: 10    God:
Gold:   43         SH:  0    Dex: 21    Spells: 5/5 levels left

rFire    . . .     SeeInvis .   a - +0 falchion
rCold    . . .     Faith    .   (no shield)
rNeg     . . .     Spirit   .   b - +0 leather armour
rPois    .         Reflect  .   (no helmet)
rElec    .         Harm     .   n - +1 cloak "Epan" {Str+4 Dex+6}
rCorr    .         Rampage  .   (no gloves)
Will     .....                  (no boots)
Stlth    +++.......             (no amulet)
HPRegen  0.15/turn              (no ring)
MPRegen  0.10/turn              (no ring)

@: no status effects
A: no striking features
a: no special abilities


You were on level 4 of the Dungeon.
You visited 1 branch of the dungeon, and saw 5 of its levels.

You collected 43 gold pieces.

Inventory:

Hand Weapons
 a - a +0 falchion (weapon)
Missiles
 k - 18 poisoned darts (quivered)
Armour
 b - a +0 leather armour (worn)
 n - the +1 cloak "Epan" (worn) {Str+4 Dex+6}
   (You found it on level 4 of the Dungeon)

   It affects your strength (+4).
   It affects your dexterity (+6).
Jewellery
 j - an uncursed ring of fire {unknown}
 q - a +6 ring of strength {unknown}
Wands
 g - a wand of digging (8)
 h - a wand of flame (12)
Scrolls
 c - 3 scrolls of fog
 d - a scroll of magic mapping
 e - a scroll of fear
 i - 2 scrolls of remove curse {unknown}
 l - a scroll of random uselessness {unknown}
 r - a scroll of amnesia {unknown}
 t - a scroll of teleportation {unknown}
 v - a scroll of immolation {unknown}
Potions
 f - a potion of haste
 m - a potion of mutation {unknown}
 o - a potion of invisibility {unknown}
 p - 2 potions of flight {unknown}
 s - 2 potions of might {unknown}
 u - a potion of curing {unknown}


   Skills:
 - Level 3.0 Fighting
 * Level 6.0 Long Blades
 - Level 2.0 Dodging
 - Level 5.0 Stealth


You had 5 spell levels left.
You didn't know any spells.
Your spell library contained the following spells:

 Spells                   Type           Power        Failure   Level
 Magic Dart               Conj           0%           41%         1


Dungeon Overview and Level Annotations

Branches:
Dungeon (5/15)
 Temple: D:4-7

Altars:
Fedhas
Kikubaaqudgha
Okawaru
Sif Muna
Vehumet

Annotations:
D:5 Menkaure


Message History

The white imp gestures at you. The puff of frost hits you!
* * * LOW HITPOINT WARNING * * *
You hit the gnoll.
The gnoll is almost dead.
The gnoll hits you but does no damage. The white imp closely misses you.
Unknown command.
You barely miss the white imp. The gnoll closely misses you.
The white imp barely misses you.
Unknown command.
You slash the gnoll!
You kill the gnoll!
The white imp closely misses you.
You riposte.
You hit the white imp but do no damage. You hit the white imp but do no damage.
The white imp closely misses you.
You riposte.
You hit the white imp but do no damage. You hit the white imp but do no damage.
The white imp gestures at you. The puff of frost hits you!
You die...

##.##.##..^.#
...##.####..#
##.##.......#
##.########.######
...# #......# ##.#
######.# ...#
####### #.# ..>#
#.....# #5# ##.#
#.....# #@# .#.#
#.....# #)##### .#.#
#.....# #.....# .#.#
#.....# ####..# ...#
###.### #.## .###
#.# #.# .#
######.#########.#
.#
#..............#.###
.#
#.#####.######.....#
#


You could see a white imp.

Vanquished Creatures
  A howler monkey (D:4)
  A quasit (D:5)
  An orc priest (D:5)
  An orc wizard (D:4)
  A worker ant (D:4)
  2 gnolls (D:4)
  An adder (D:3)
  A white imp (D:5)
  An adder zombie (D:5)
  An ooze (D:4)
  An adder skeleton (D:5)
  A leopard gecko (D:4)
  5 orcs
  A giant cockroach (D:4)
  4 goblins (D:2)
  A hobgoblin (D:2)
  3 jackals (D:5)
  A kobold (D:1)
  3 frilled lizards (D:2)
  A jackal skeleton (D:5)
  A rat (D:3)
33 creatures vanquished.

Vanquished Creatures (others)
  14 plants (D:5)
14 creatures vanquished.

Grand Total: 47 creatures vanquished

Notes
Turn   | Place    | Note
-------+----------+-------------------------------------------
     0 | D:5      | Zeld the Human Delver began the quest for the Orb.
     0 | D:5      | Reached XP level 1. HP: 18/18 MP: 1/1
    53 | D:4      | Found an iron altar of Okawaru.
   126 | D:4      | Noticed a howler monkey
   137 | D:4      | Got a bloodstained cloak
   143 | D:4      | Identified the +1 cloak "Epan" {Str+4 Dex+6} (You found it
                  | on level 4 of the Dungeon)
   229 | D:4      | Found an ancient bone altar of Kikubaaqudgha.
   229 | D:4      | Found a radiant altar of Vehumet.
   233 | D:4      | Found a shimmering blue altar of Sif Muna.
   302 | D:4      | Identified Vehumet's Compendium of Battle Magic
   384 | D:3      | Reached XP level 2. HP: 22/24 MP: 2/2
   455 | D:2      | Reached skill level 3 in Long Blades
   559 | D:2      | Reached XP level 3. HP: 29/29 MP: 3/3
   758 | D:4      | Reached skill level 4 in Long Blades
   758 | D:4      | Reached XP level 4. HP: 28/35 MP: 4/4
  1057 | D:4      | Found a blossoming altar of Fedhas.
  1359 | D:5      | Reached skill level 5 in Long Blades
  1359 | D:5      | Reached XP level 5. HP: 27/41 MP: 5/5
  1681 | D:5      | Noticed a sky beast
  2475 | D:5      | Reached XP level 6. HP: 9/47 MP: 6/6
  3183 | D:5      | Reached skill level 6 in Long Blades
  3343 | D:5      | Noticed Menkaure
  3371 | D:4      | Killed from afar by a white imp

Illustrated notes

Levels and vault maps discovered:
D:1:      lightli_arrival_farm, layout_loops_ring, kennysheep_nondescript
D:2:      layout_rooms
D:3:      layout_basic, marbit_many_paths, minivault_4, grunt_decor_resistance,
          kennysheep_orc_chapel, uniq_sigmund
D:4:      layout_loops_cross, grunt_temple_overflow_magic_moments,
          nicolae_overflow_crystal_walls, lemuel_crystal_altar
D:5:      layout_rooms, serial_shops, nicolae_shop_behind_doors, shop,
          chequers_big_river, chequers_serial_rivers_small_b, minivault_25,
          nicolae_tso_besieged_by_evil, uniq_menkaure, uniq_eustachio

Skill      XL: |  1  2  3  4  5  6 |
---------------+-------------------+-----
Long Blades    | 3 4 5 6 |  6.0
Fighting       | |  3.0
Dodging        | |  2.0
Stealth        | |  5.0

Action                   |  1- 3 |  4- 6 || total
-------------------------+-------+-------++-------
Melee: Falchion          |    54 |    96 ||   150
 Stab: Sleeping          |     4 |       ||     4
Armor: Leather armour    |    13 |    37 ||    50
Dodge: Dodged            |    36 |    80 ||   116
       Rpst.: Falchion   |    13 |    19 ||    32
